 Dungeon Crawl Stone Soup version 0.21-a0-41-g5e91fef (webtiles) character file.

12019 Chaotic the Blocker (level 11, -12/101 HPs)
             Began as a Minotaur Fighter on June 4, 2017.
             Was a Follower of Uskayaw.
             Mangled by TySteely's ghost (22 damage)
             ... on level 10 of the Dungeon.
             The game lasted 00:13:15 (10735 turns).

Chaotic the Blocker (Minotaur Fighter)             Turns: 10735, Time: 00:13:15

Health: -12/101    AC: 16    Str: 25    XL:     11   Next: 56%
Magic:  14/14      EV:  6    Int:  5    God:    Uskayaw [*.....]
Gold:   678        SH: 13    Dex:  9    Spells: 10/10 levels left

rFire    . . .     SeeInvis .   a - +2 rapier
rCold    . . .     Gourm    .   c - +1 shield
rNeg     . . .     Faith    .   h - +1 plate armour
rPois    .         Spirit   .   (helmet restricted)
rElec    .         Reflect  .   (no cloak)
rCorr    .         Harm     .   (no gloves)
MR       .....                  (no boots)
Stlth    ..........             (no amulet)
Regen    0.3/turn               (no ring)
MPRegen  0.2/turn               (no ring)

@: no status effects
A: retaliatory headbutt, horns 2
a: Stomp, Renounce Religion


You were on level 10 of the Dungeon.
You worshipped Uskayaw.
Uskayaw was noncommittal.
You were not hungry.

You visited 2 branches of the dungeon, and saw 11 of its levels.

You collected 678 gold pieces.

Inventory:

Hand Weapons
 a - a +2 rapier (weapon)
Armour
 c - a +1 shield (worn)
 h - a +1 plate armour (worn)
 z - the +2 scale mail "Zaenu" {Str+5}
   (You found it on level 4 of the Dungeon)

   It affects your strength (+5).
Jewellery
 b - an uncursed ring of positive energy
 q - an uncursed ring of protection from cold
 r - an uncursed ring of positive energy
 u - an uncursed ring of magical power {unknown}
 y - an uncursed ring of protection from magic {unknown}
 K - an uncursed ring of positive energy
Wands
 g - a wand of random effects (23/48)
 v - a wand of polymorph (20/24)
 F - a wand of flame (29/48)
 H - a wand of acid (8/15)
Scrolls
 e - 3 scrolls of enchant armour
 j - 3 scrolls of fog
 k - 7 scrolls of remove curse
 l - a scroll of recharging
 x - a scroll of magic mapping
 C - 2 scrolls of teleportation
 G - a scroll of blinking
 O - a scroll of amnesia
Potions
 d - a potion of might
 i - 3 potions of haste
 m - a potion of cancellation {unknown}
 n - 4 potions of magic
 o - 3 potions of brilliance
 w - a potion of mutation
 A - 2 potions of lignification
 B - 3 potions of flight
 D - a potion of ambrosia
 E - 2 potions of agility {unknown}
 J - 4 potions of degeneration {unknown}
Books
 L - a book of Conjurations

   Spells                             Type                      Level
   a - Magic Dart                     Conjuration                  1
   b - Searing Ray                    Conjuration                  2
   c - Dazzling Spray                 Conjuration/Hexes            3
   d - Fulminant Prism                Conjuration/Hexes            4
   e - Force Lance                    Conjuration/Translocation    4
   f - Iskenderun's Mystic Blast      Conjuration                  4
Comestibles
 f - 9 bread rations
 p - 3 royal jellies
 t - 7 meat rations


   Skills:
 + Level 10.8 Fighting
 + Level 9.8 Short Blades
 + Level 11.0 Armour
 + Level 11.2 Shields
 * Level 6.2 Invocations


You had 10 spell levels left.
You didn't know any spells.

Dungeon Overview and Level Annotations

Branches:
Dungeon (10/15)            Temple (1/1) D:6            Lair (0/6) D:10
    Orc (0/2) D:10

Altars:
Ashenzari
Cheibriados
Dithmenos
Elyvilon
Fedhas
Gozag
Hepliaklqana
Kikubaaqudgha
Makhleb
Nemelex Xobeh
Okawaru
Qazlal
Ru
Sif Muna
Trog
Uskayaw
Vehumet
Wu Jian
Xom
Yredelemnul
Zin
The Shining One

Shops:
D:8 [   D:10 (

Annotations:
D:10 TySteely's ghost, journeyman MiFi


Innate Abilities, Weirdness & Mutations

You reflexively headbutt those who attack you in melee.
You have a pair of horns on your head.


Message History

TySteely's ghost is severely damaged.
TySteely's ghost hits you!
* * * LOW HITPOINT WARNING * * *
Unknown command.
You hit TySteely's ghost but do no damage.
Your headbutt misses TySteely's ghost.
TySteely's ghost is severely damaged.
You block TySteely's ghost's attack. You block the orc's attack.
Unknown command.
You barely miss TySteely's ghost.
TySteely's ghost is severely damaged.
Unknown command.
You hit TySteely's ghost but do no damage.
TySteely's ghost is severely damaged.
You block TySteely's ghost's attack. The orc hits you but does no damage.
Unknown command.
TySteely's ghost keens inconsolably.
You can no longer pass through a line of other dancers.
TySteely's ghost hits you!!
You die...

+.......'.....# #..
#.......##....######..
#.####.......##............ [.
#.##......##............... ##.
...'......'................ #...
#.##......##........####### .....
#.##......##...∩....#######
.....##.##......##........)).....
..............oW@'...>...#)######
...........#######........).# ##
...........# #.......#..###..
...........# .........#.##....
......#†#### '##.......#.#....[
......#.# .........###..)##
......#.# .....#.#.##...... .....
..# ....'...##...... ####. ...
...#.## #......


You could see TySteely's ghost and an orc.

Vanquished Creatures
  2 two-headed ogres
  3 centaur zombies (D:9)
  The ghost of Chaotic the Shield-Bearer, a novice MiFi of Uskayaw (D:7)
  Psyche (D:8)
  2 hellwings (D:9)
  The ghost of varamyr the Skirmisher, an amateur DrBe of Trog (D:4)
  2 hornets
  A troll (D:10)
  The ghost of HallandMoats the Sneak, an amateur DsAs of Wu Jian (D:5)
  Prince Ribbit (D:5)
  2 hippogriffs
  Grum (D:9)
  A hungry ghost (D:9)
  A steam dragon (D:10)
  Menkaure (D:5)
  A water moccasin (D:10)
  2 sky beasts (D:9)
  5 orc warriors
  2 eyes of draining (D:10)
  4 ice beasts
  5 ogres
  4 phantoms
  A necrophage (D:10)
  3 wolves (D:9)
  3 centaurs
  5 bullfrogs
  A wyvern zombie (D:9)
  2 wyvern skeletons
  4 scorpions
  A water moccasin skeleton (D:4)
  18 killer bees
  2 wights (D:7)
  2 howler monkeys (D:10)
  3 crimson imps
  A bullfrog zombie (D:6)
  4 centaur skeletons
  13 hounds
  3 jellies
  8 orc wizards
  6 orc priests
  2 gnoll shamans
  An iguana (D:10)
  Ijyb (D:3)
  Jessica (D:2)
  6 worker ants
  3 mummies (D:7)
  A howler monkey skeleton (D:5)
  5 adders
  12 gnolls
  5 shadow imps
  2 adder zombies (D:9)
  3 adder skeletons
  4 worms
  2 dart slugs
  8 leopard geckos
  54 orcs
  5 bats
  5 giant cockroaches
  4 hobgoblins
  3 jackals (D:9)
  6 kobolds
  3 quokkas
  3 ball pythons
  2 frilled lizards
  10 goblins
  A jackal zombie (D:7)
  A leopard gecko skeleton (D:9)
  A leopard gecko zombie (D:7)
  A quokka zombie (D:8)
  11 rats
290 creatures vanquished.

Notes
Turn   | Place    | Note
-------+----------+-------------------------------------------
     0 | D:1      | Chaotic the Minotaur Fighter began the quest for the Orb.
     0 | D:1      | Reached XP level 1. HP: 19/19 MP: 0/0
   322 | D:1      | Reached XP level 2. HP: 27/27 MP: 1/1
   940 | D:2      | Reached XP level 3. HP: 33/33 MP: 2/2
   945 | D:2      | Noticed Jessica
   954 | D:2      | Killed Jessica
  1000 | D:2      | Reached XP level 4. HP: 36/40 MP: 3/3
  1793 | D:3      | Reached XP level 5. HP: 47/47 MP: 4/4
  1898 | D:3      | Reached skill level 5 in Shields
  2158 | D:3      | Noticed Ijyb
  2164 | D:3      | Found a faded altar of an unknown god.
  2174 | D:3      | Killed Ijyb
  2174 | D:3      | Reached skill level 5 in Fighting
  2252 | D:3      | Reached skill level 5 in Armour
  2252 | D:3      | Reached XP level 6. HP: 56/56 MP: 5/5
  2439 | D:4      | Noticed varamyr's ghost (amateur DrBe)
  2466 | D:4      | Killed varamyr's ghost
  2466 | D:4      | Reached XP level 7. HP: 31/62 MP: 6/6
  2898 | D:4      | Got a bronze scale mail
  2909 | D:4      | Identified the +2 scale mail "Zaenu" {Str+5} (You found it on level 4 of the Dungeon)
  3111 | D:4      | Reached skill level 5 in Short Blades
  4057 | D:4      | Reached XP level 8. HP: 71/71 MP: 7/7
  4167 | D:5      | Entered Level 5 of the Dungeon
  4246 | D:5      | Noticed Prince Ribbit
  4269 | D:5      | Killed Prince Ribbit
  4331 | D:5      | Noticed Menkaure
  4336 | D:5      | Killed Menkaure
  4339 | D:5      | Noticed HallandMoats's ghost (amateur DsAs)
  4362 | D:5      | Killed HallandMoats's ghost
  4880 | D:5      | Found a shattered altar of Ashenzari.
  5666 | D:6      | Found a staircase to the Ecumenical Temple.
  5670 | D:6      | Reached XP level 9. HP: 74/81 MP: 8/8
  5675 | Temple   | Entered the Ecumenical Temple
  5712 | Temple   | Became a worshipper of Uskayaw the Reveler
  5950 | D:6      | Reached * piety under Uskayaw
  5960 | D:6      | Found a sparkling altar of Nemelex Xobeh.
  5968 | D:6      | Found a sparkling altar of Nemelex Xobeh.
  6194 | D:6      | Reached ** piety under Uskayaw
  6521 | D:7      | Noticed a two-headed ogre
  6528 | D:7      | Killed a two-headed ogre
  6528 | D:7      | Reached *** piety under Uskayaw
  6588 | D:7      | Reached **** piety under Uskayaw
  6884 | D:7      | Noticed Chaotic's ghost (novice MiFi)
  6901 | D:7      | Killed Chaotic's ghost
  7044 | D:7      | Reached XP level 10. HP: 91/91 MP: 9/9
  7330 | D:8      | Found Nugaedif's Antique Armour Shoppe.
  7417 | D:8      | Noticed Psyche
  7432 | D:8      | Killed Psyche
  7434 | D:8      | Reached ***** piety under Uskayaw
  7435 | D:8      | Reached skill level 10 in Shields
  7722 | D:8      | Reached skill level 1 in Invocations
  7956 | D:9      | Reached skill level 10 in Fighting
  8037 | D:9      | Reached skill level 10 in Armour
  8195 | D:9      | Reached XP level 11. HP: 52/101 MP: 13/13
  8503 | D:9      | Noticed Grum
  8526 | D:9      | HP: 5/101 [poisoned by Grum]
  8534 | D:9      | Killed Grum
  9257 | D:9      | Reached skill level 5 in Invocations
  9541 | D:10     | Entered Level 10 of the Dungeon
  9575 | D:10     | Paralysed by a hornet for 2 turns
  9589 | D:10     | Paralysed by a hornet for 1 turns
  9605 | D:10     | Found a staircase to the Lair.
  9745 | D:10     | Reached ****** piety under Uskayaw
 10306 | D:10     | Noticed a two-headed ogre
 10314 | D:10     | Killed a two-headed ogre
 10648 | D:10     | Found a staircase to the Orcish Mines.
 10648 | D:10     | Found Yciunux's Weapon Emporium.
 10701 | D:10     | Noticed TySteely's ghost (journeyman MiFi)
 10735 | D:10     | Mangled by TySteely's ghost

Vault maps used:
D:1:      matt_arrival_spirals
D:2:      first_bread, uniq_jessica
D:3:      chequers_ecumenical_altar_simple, uniq_ijyb
D:5:      wad_pebble_path, basic_altar, supply_closet_lemuel,
          uniq_prince_ribbit1, uniq_menkaure
D:6:      nemelex_xobeh_ov_fountains_minmay, temple_green,
          nemelex_lonely_heart_becter
D:7:      serial_undead, serial_undead_a, serial_undead_e, serial_undead_e,
          serial_undead_e, grunt_ogre_cave, hangedman_decor_slide_cut,
          minmay_misc_feat_encased
D:8:      serial_shops, shop, uniq_psyche
D:9:      cheibrodos_grave_circle, roderic_aztec_sauvastika, uniq_grum
D:10:     lair_entry_dummy, orc_david_3, grunt_potential
Temple:   nicolae_temple_the_god_donut

Skill      XL: |  1  2  3  4  5  6  7  8  9 10 11 |
---------------+----------------------------------+-----
Shields        | 4 5 6 7 8 9 10 11 | 11.2
Fighting       | 4 5 6 8 9 10 | 10.8
Armour         | 4 5 6 7 9 10 11 | 11.0
Short Blades   | 3 4 5 6 8 9 |  9.8
Invocations    | 4 6 |  6.2

Action                   |  1- 3 |  4- 6 |  7- 9 | 10-12 || total
-------------------------+-------+-------+-------+-------++-------
Melee: Rapier            |    74 |   163 |   350 |   435 ||  1022
       Headbutt          |    11 |    27 |    75 |   101 ||   214
       Unarmed           |       |     7 |       |       ||     7
Invok: Stomp             |       |       |       |     2 ||     2
  Use: Scroll            |       |       |    11 |    15 ||    26
       Potion            |       |       |       |     6 ||     6
 Stab: Paralysed         |       |       |     4 |    27 ||    31
  Eat: Chunk             |       |     5 |    14 |    14 ||    33
Armor: Scale mail        |     4 |       |    61 |    64 ||   129
       Plate armour      |    38 |    65 |     8 |    69 ||   180
       Skin              |       |     1 |       |       ||     1
Dodge: Dodged            |     9 |    22 |    64 |    93 ||   188
Block: Shield            |    30 |    65 |   204 |   262 ||   561
